AoeStats
← [NOE] Jupiter

Pilgrims

508528471Analyzed
2v2 RM · 11d ago on Sep 22, 2026· 51m 49s· 4 players
Game mode
Random Map
Map size
Medium (4 player)
Population
200
Speed
Normal
Resources
Standard
Victory
Conquest
Starting age
Dark Age
Ending age
Imperial Age
RankedLock teamsTeams togetherTeam positionsShared explorationLock speedFull tech treeHidden civsTurbo modeCheats
Victory
Defeat
🇫🇷 Burmese · France
1464
+13
🇫🇷 Persians · France
1430
+14
🇹🇷 Spanish · Türkiye
1408
-14
🇦🇷 Celts · Argentina
1387
-13
ShapeOfMyHeart
10:28 Loom
12:47 Feudal Age
16:56 Castle Age
15:28 Gold Mining
17:47 Wheelbarrow
17:49 Forging
17:51 Medium Warships
17:51 Double-Bit Axe
17:49 Horse Collar
19:13 Iron Casting
19:03 Bow Saw
20:50 Fletching
22:10 Bodkin Arrow
23:05 Padded Archer Armor
25:19 Leather Archer Armor
28:07 Heavy Plow
33:38 Imperial Age
31:59 Stone Mining
36:03 Bloodlines
35:54 Husbandry
37:04 Chemistry
36:44 Scale Barding Armor
37:40 Blast Furnace
36:24 Cavalier
36:42 Light Cavalry
40:16 Chain Barding Armor
42:53 Hand Cart
42:23 Town Watch
43:36 Plate Barding Armor
43:48 Conscription
43:54 Bracer
43:55 Hussar
49:08 Ballistics
NahuXeneize
5:34 Loom
11:11 Feudal Age
11:59 Fishing Lines
13:18 Double-Bit Axe
15:50 Castle Age
16:59 Medium Warships
16:44 Gold Mining
17:06 Bow Saw
19:25 Wheelbarrow
20:36 Scale Mail Armor
20:46 Forging
21:29 Hand Cart
21:24 Man-at-Arms
21:49 Gambesons
23:10 Horse Collar
24:44 Chain Mail Armor
23:51 Long Swordsman
29:06 Iron Casting
35:05 Imperial Age
32:49 Heavy Plow
35:23 Fletching
35:16 Two-Handed Swordsman
35:22 Capped Ram
37:42 Plate Mail Armor
37:13 Pikeman
38:15 Halberdier
43:15 Blast Furnace
43:54 Champion
45:00 Siege Ram
46:27 Bodkin Arrow
48:06 Arson
50:25 Ballistics
51:05 Chemistry
[NOE] Jupiter
6:05 Loom
10:14 Feudal Age
10:54 Double-Bit Axe
10:53 Fishing Lines
13:59 Castle Age
13:01 Forging
14:40 Medium Warships
16:10 Clinker Construction
16:12 Careening
18:03 Bow Saw
17:50 Gillnets
18:06 Fletching
18:41 Horse Collar
21:38 Wheelbarrow
20:49 Town Watch
21:49 Iron Casting
22:18 Guard Tower
24:11 Bodkin Arrow
25:23 Padded Archer Armor
29:39 Hand Cart
35:17 Imperial Age
33:16 Scale Barding Armor
33:37 Ballistics
34:46 Bloodlines
34:37 Husbandry
35:30 Chain Barding Armor
35:05 Cavalier
36:30 Conscription
37:32 Conscription
39:19 Plate Barding Armor
40:18 Padded Archer Armor
40:43 Thumb Ring
40:31 Crossbowman
41:19 Kamandaran
45:10 Chemistry
47:33 Savar
49:17 Masonry
51:41 Leather Archer Armor
52:27 Blast Furnace
51:44 Caravan
[NOE] Lyrendir
6:54 Loom
10:32 Feudal Age
11:06 Fishing Lines
15:02 Castle Age
15:38 Stone Mining
15:51 Gillnets
18:04 Wheelbarrow
18:16 Fletching
22:49 Imperial Age
20:08 Treadmill Crane
21:55 Hand Cart
22:47 Masonry
24:31 Block Printing
24:58 Scale Barding Armor
25:04 Forging
25:23 Sanctity
25:21 Fervor
26:30 Caravan
27:00 Illumination
27:11 Theocracy
26:47 Redemption
28:16 Chain Barding Armor
27:19 Light Cavalry
28:10 Bloodlines
28:00 Husbandry
30:46 Iron Casting
30:47 Plate Barding Armor
31:59 Chemistry
31:56 Town Watch
34:36 Clinker Construction
34:22 Elite Cannon Galleon
36:51 Architecture
37:50 Blast Furnace
36:45 Bodkin Arrow
39:39 Ballistics
40:39 Hussar
41:24 Bracer
43:09 Murder Holes
44:37 Conscription
50:43 Siege Engineers
52:03 Guilds
52:24 Coinage
52:21 Carvel Hull
Connection lost

Rejoining the realm…

Still unreachable

The connection could not be restored.

Session expired

The server has moved on; the page needs a fresh start.